 Dungeon Crawl Stone Soup version 0.20.0 (webtiles) character file.

276 MatthieuS the Conjurer (level 6, -6/52 HPs)
             Began as a Draconian Conjurer on June 16, 2017.
             Was a Follower of Qazlal.
             Mangled by Geoffrax's ghost (10 damage)
             ... on level 4 of the Dungeon.
             The game lasted 00:10:55 (3219 turns).

MatthieuS the Conjurer (Draconian Conjurer)         Turns: 3219, Time: 00:10:55

Health: -6/52      AC:  6    Str: 11    XL:     6   Next: 4%
Magic:  1/11       EV: 17    Int: 25    God:    Qazlal [*.....]
Gold:   180        SH:  2    Dex: 16    Spells: 2/12 levels left

rFire    . . .     SeeInvis .   a - +0 dagger
rCold    . . .     Gourm    .   (no shield)
rNeg     . . .     Faith    .   (armour unavailable)
rPois    .         Spirit   .   (helmet restricted)
rElec    .         Reflect  .   (no cloak)
rCorr    .         Harm     .   (no gloves)
MR       .....                  (no boots)
Stlth    +++.......             (no amulet)
Regen    0.2/turn               l - +3 ring of intelligence
MPRegen  0.2/turn               (no ring)

@: brilliant, agile, very slightly contaminated
A: unfitting armour, cold-blooded, AC +6
a: Renounce Religion


You were on level 4 of the Dungeon.
You worshipped Qazlal.
Qazlal was aware of your devotion.
You were not hungry.

You visited 1 branch of the dungeon, and saw 4 of its levels.

You collected 180 gold pieces.

Inventory:

Hand Weapons
 a - a +0 dagger (weapon)
 w - a +1 hunting sling
Missiles
 i - 68 stones (quivered)
Jewellery
 l - a +3 ring of intelligence (left hand)
Scrolls
 d - a scroll of identify
 g - a scroll of blinking
 h - 2 scrolls of recharging
Books
 f - a book of Conjurations

   Spells                             Type                      Level
   a - Magic Dart                     Conjuration                  1
   b - Searing Ray                    Conjuration                  2
   c - Dazzling Spray                 Conjuration/Hexes            3
   d - Fulminant Prism                Conjuration/Hexes            4
   e - Force Lance                    Conjuration/Translocation    4
   f - Iskenderun's Mystic Blast      Conjuration                  4
Comestibles
 b - 3 bread rations
 j - a meat ration
 m - 4 chunks of flesh
 n - a royal jelly


   Skills:
 + Level 3.9 Fighting
 - Level 1.7 Dodging
 - Level 1.7 Stealth
 + Level 3.5 Spellcasting
 + Level 5.3 Conjurations


You had 2 spell levels left.
You knew the following spells:

 Your Spells              Type           Power        Failure   Level  Hunger
a - Magic Dart            Conj           ####         1%          1    None
b - Searing Ray           Conj           #####.       1%          2    #......
c - Dazzling Spray        Conj/Hex       ####..       1%          3    ###....
d - Fulminant Prism       Conj/Hex       ####......   4%          4    ####...


Dungeon Overview and Level Annotations

Branches:
Dungeon (4/15)
 Temple: D:4-7

Altars:
Fedhas
Qazlal
Xom
The Shining One

Annotations:
D:2 Robin
D:4 Geoffrax's ghost, novice DgHu


Innate Abilities, Weirdness & Mutations

Your plain brown scales are hard. (AC +6)
You cannot fit into any form of body armour.
You are cold-blooded and may be slowed by cold attacks.


Message History

Geoffrax's ghost barely misses you.
You hit Geoffrax's ghost but do no damage.
Geoffrax's ghost is severely damaged.
Geoffrax's ghost barely misses you.
You barely miss Geoffrax's ghost.
Geoffrax's ghost is severely damaged.
Geoffrax's ghost closely misses you.
You barely miss Geoffrax's ghost.
Geoffrax's ghost is severely damaged.
Geoffrax's ghost hits you.
* * * LOW HITPOINT WARNING * * *
You hit Geoffrax's ghost.
Geoffrax's ghost is severely damaged.
Geoffrax's ghost hits you!
* * * LOW HITPOINT WARNING * * *
You hit Geoffrax's ghost but do no damage.
Geoffrax's ghost is severely damaged.
Geoffrax's ghost barely misses you. Geoffrax's ghost hits you!
You die...

#.... .....#
#..#.###.##.#
#...(((...#.#
#....(<.....#
#!#..........# #
......#..(....#.#
##.#..........#.#
##......(......#
##.........@###
#........W)#
#........ยง.#
...........#
#........###
#.####<### .. #.
#.


You could see Geoffrax's ghost.

Vanquished Creatures
  Natasha (twice) (D:3)
  2 worker ants
  Terence (D:2)
  7 adders
  2 oozes
  2 dart slugs (D:2)
  7 orcs (D:3)
  3 giant cockroaches
  9 goblins
  3 hobgoblins
  8 jackals
  10 kobolds
  A ball python (D:1)
  4 bats (D:1)
  2 frilled lizards
  A jackal skeleton (D:4)
  13 rats
77 creatures vanquished.

Notes
Turn   | Place    | Note
-------+----------+-------------------------------------------
     0 | D:1      | MatthieuS the Draconian Conjurer began the quest for the Orb.
     0 | D:1      | Reached XP level 1. HP: 14/14 MP: 3/3
    83 | D:1      | Reached skill level 1 in Fighting
   124 | D:1      | Reached XP level 2. HP: 23/23 MP: 1/5
   596 | D:1      | Learned a level 2 spell: Searing Ray
   610 | D:1      | Reached XP level 3. HP: 29/29 MP: 1/6
  1276 | D:2      | Found a stormy altar of Qazlal.
  1406 | D:2      | Became a worshipper of Qazlal Stormbringer
  1449 | D:2      | Reached XP level 4. HP: 25/37 MP: 1/7
  1702 | D:2      | Noticed Terence
  1732 | D:2      | Killed Terence
  1941 | D:2      | Noticed Robin
  2032 | D:3      | Found a blossoming altar of Fedhas.
  2080 | D:3      | Learned a level 3 spell: Dazzling Spray
  2106 | D:3      | Noticed Natasha
  2116 | D:3      | Killed Natasha
  2116 | D:3      | Reached skill level 5 in Conjurations
  2116 | D:3      | Reached XP level 5. HP: 23/45 MP: 2/9
  2275 | D:3      | Reached * piety under Qazlal
  2863 | D:3      | Found a shimmering altar of Xom.
  2863 | D:3      | Found a glowing golden altar of the Shining One.
  2886 | D:3      | Learned a level 4 spell: Fulminant Prism
  2924 | D:3      | Noticed an ice beast
  2924 | D:3      | Noticed Natasha
  2934 | D:3      | Killed Natasha
  3089 | D:4      | Reached XP level 6. HP: 42/52 MP: 1/11
  3158 | D:4      | Noticed Geoffrax's ghost (novice DgHu)
  3219 | D:4      | Mangled by Geoffrax's ghost

Skill      XL: |  1  2  3  4 |
---------------+-------------+-----
Fighting       | 1 2 3 |  3.9
Spellcasting   | 3 |  3.5
Conjurations   | 5 |  5.3
Dodging        | |  1.7
Stealth        | |  1.7

Action                   |  1- 3 |  4- 6 || total
-------------------------+-------+-------++-------
Melee: Short sword       |    58 |       ||    58
       Tailslap          |     2 |     6 ||     8
       Dagger            |       |    47 ||    47
       Quarterstaff      |       |    16 ||    16
 Fire: Hunting sling     |    25 |    42 ||    67
 Cast: Magic Dart        |    58 |    93 ||   151
       Searing Ray       |       |     2 ||     2
       Dazzling Spray    |       |     1 ||     1
  Use: Scroll            |       |    10 ||    10
       Potion            |       |     4 ||     4
 Stab: Sleeping          |     2 |       ||     2
       Invisible         |       |     3 ||     3
  Eat: Chunk             |     2 |     6 ||     8
Armor: Skin              |    27 |    25 ||    52
Dodge: Dodged            |    54 |    72 ||   126
Block: Other             |       |     5 ||     5
